 Dungeon Crawl Stone Soup version 0.20.1-1-g8b1a95d (webtiles) character file.

1280 wyrdjoy the Covert (level 8, -1/36 HPs)
             Began as a Spriggan Enchanter on July 21, 2017.
             Killed from afar by an orc wizard (7 damage)
             ... with a magic dart
             ... on level 4 of the Dungeon.
             The game lasted 00:12:52 (5266 turns).

wyrdjoy the Covert (Spriggan Enchanter)             Turns: 5266, Time: 00:12:53

Health: -1/36      AC:  4    Str:  4    XL:     8   Next: 29%
Magic:  4/13       EV: 18    Int: 19    God:
Gold:   177        SH:  0    Dex: 16    Spells: 4/12 levels left

rFire    . . .     SeeInvis +   a - +1 dagger
rCold    . . .     Gourm    .   (shield restricted)
rNeg     . . .     Faith    .   b - +0 robe
rPois    .         Spirit   .   n - +2 hat
rElec    .         Reflect  .   (no cloak)
rCorr    .         Harm     .   (gloves unavailable)
MR       +....                  (boots unavailable)
Stlth    +++++.....             (no amulet)
Regen    0.2/turn               (no ring)
MPRegen  0.2/turn               (no ring)

@: very quick
A: unfitting armour, see invisible, herbivore 3, speed 3, slow metabolism 2
a: no special abilities


You were on level 4 of the Dungeon.
You were near starving.

You visited 1 branch of the dungeon, and saw 4 of its levels.

You collected 177 gold pieces.

Inventory:

Hand Weapons
 a - a +1 dagger (weapon)
Armour
 b - a +0 robe (worn)
 n - a +2 hat (worn)
Jewellery
 u - an uncursed amulet of the gourmand {unknown}
Wands
 k - a wand of polymorph (15/24)
 r - a wand of random effects (28/48)
Scrolls
 f - a scroll of blinking
 j - a scroll of enchant armour
 l - a scroll of teleportation
 p - a scroll of fog
 q - a scroll of identify
 s - a scroll of noise {unknown}
Potions
 e - a potion of invisibility {unknown}
 g - 2 potions of degeneration {unknown}
 h - a potion of curing {unknown}
 i - a potion of agility {unknown}
 m - a potion of berserk rage {unknown}
 o - a potion of mutation {unknown}
Books
 c - a book of Maledictions

   Spells                             Type                      Level
   a - Corona                         Hexes                        1
   b - Ensorcelled Hibernation        Hexes/Ice                    2
   c - Confuse                        Hexes                        3
   d - Tukima's Dance                 Hexes                        3
   e - Dazzling Spray                 Conjuration/Hexes            3
 t - a book of Changes

   Spells                             Type                      Level
   a - Beastly Appendage              Transmutation                1
   b - Sticks to Snakes               Transmutation                2
   c - Spider Form                    Transmutation/Poison         3
   d - Ice Form                       Ice/Transmutation            4
   e - Blade Hands                    Transmutation                5
Comestibles
 d - 2 bread rations


   Skills:
 - Level 1.1 Short Blades
 - Level 3.0 Dodging
 + Level 11.7 Stealth
 - Level 2.6 Spellcasting
 + Level 9.2 Hexes


You had 4 spell levels left.
You knew the following spells:

 Your Spells              Type           Power        Failure   Level  Hunger
a - Tukima's Dance        Hex            #####...     1%          3    ###....
b - Ensorcelled Hibernat  Hex/Ice        ###...       3%          2    ##.....
c - Confuse               Hex            #####...     1%          3    ###....


Dungeon Overview and Level Annotations

Branches:
Dungeon (4/15)
 Temple: D:4-7

Altars:
Qazlal
The Shining One


Innate Abilities, Weirdness & Mutations

You are very small and have problems with some larger weapons.
You are too small for most types of armour.
You have supernaturally acute eyesight. (SInv)
You are a herbivore.
You cover ground extremely quickly.
You need consume almost no food.


Message History

You hit the orc wizard but do no damage.
The orc wizard is lightly wounded.
The orc wizard completely misses you.
You hit the orc wizard but do no damage.
The orc wizard is lightly wounded.
The orc wizard misses you.
The orc wizard points at you and mumbles some strange words.
The magic dart hits you!
* * * LOW HITPOINT WARNING * * *
You hit the orc wizard.
The orc wizard is moderately wounded.
The orc wizard misses you.
The orc wizard gestures at you while chanting.
The magic dart hits you!
* * * LOW HITPOINT WARNING * * *
Items here: !! ))) [[ You see here a dagger.
The orc wizard points at you and mumbles some strange words.
The magic dart hits you!
You die...

##################
...........@.....#
.......o########.#
#######.# #.# #)# #.#
#o# #.# ########.# #.#
.....o..)# #(#
#####################.##
....>..................#


You could see an orc wizard.

Vanquished Creatures
  Pikel (D:3)
  Grinder (D:3)
  Duvessa (D:4)
  Dowan (D:4)
  A scorpion (D:3)
  Jessica (D:2)
  2 orc wizards
  Ijyb (D:3)
  Terence (D:3)
  Natasha (thrice) (D:3)
  A hound zombie (D:2)
  Robin (D:2)
  5 adders
  4 worms
  A dart slug (D:1)
  5 leopard geckos
  13 orcs
  8 bats
  2 bat skeletons (D:2)
  2 giant cockroaches (D:3)
  12 goblins
  10 hobgoblins
  2 jackals (D:1)
  A quokka (D:3)
  A ball python (D:3)
  A ball python zombie (D:2)
  5 frilled lizards
  7 kobolds
  A quokka skeleton (D:2)
  8 rats
103 creatures vanquished.

Vanquished Creatures (others)
  An orc (D:4)
1 creature vanquished.

Grand Total: 104 creatures vanquished

Notes
Turn   | Place    | Note
-------+----------+-------------------------------------------
     0 | D:1      | wyrdjoy the Spriggan Enchanter began the quest for the Orb.
     0 | D:1      | Reached XP level 1. HP: 9/9 MP: 5/5
   275 | D:1      | Reached XP level 2. HP: 13/13 MP: 6/6
   320 | D:1      | Learned a level 2 spell: Ensorcelled Hibernation
   564 | D:1      | Reached skill level 5 in Stealth
  1454 | D:2      | Noticed Jessica
  1459 | D:2      | Killed Jessica
  1459 | D:2      | Reached skill level 6 in Stealth
  1459 | D:2      | Reached XP level 3. HP: 16/16 MP: 8/8
  1500 | D:2      | Learned a level 3 spell: Confuse
  1640 | D:2      | Reached XP level 4. HP: 21/21 MP: 9/9
  1791 | D:2      | Noticed Robin
  1908 | D:2      | Killed Robin
  1908 | D:2      | Reached skill level 5 in Hexes
  2340 | D:2      | Learned a level 3 spell: Tukima's Dance
  2710 | D:3      | Reached skill level 7 in Stealth
  2710 | D:3      | Reached XP level 5. HP: 24/24 MP: 3/10
  2892 | D:3      | Noticed Terence
  2892 | D:3      | Noticed Natasha
  2899 | D:3      | Killed Terence
  2908 | D:3      | Killed Natasha
  3298 | D:3      | Found a stormy altar of Qazlal.
  3328 | D:3      | Reached skill level 8 in Stealth
  3572 | D:3      | Found a glowing golden altar of the Shining One.
  3606 | D:3      | Noticed Natasha
  3607 | D:3      | Noticed Grinder
  3834 | D:3      | Killed Grinder
  3834 | D:3      | Reached skill level 9 in Stealth
  3834 | D:3      | Reached XP level 6. HP: 11/28 MP: 2/11
  4068 | D:3      | Killed Natasha
  4146 | D:3      | Noticed Natasha
  4169 | D:3      | Killed Natasha
  4169 | D:3      | Reached XP level 7. HP: 32/32 MP: 10/12
  4349 | D:3      | Noticed Ijyb
  4366 | D:3      | Killed Ijyb
  4582 | D:4      | Noticed Pikel
  4624 | D:3      | Killed Pikel
  4624 | D:3      | Reached skill level 11 in Stealth
  4624 | D:3      | Reached XP level 8. HP: 19/36 MP: 2/13
  5225 | D:4      | Noticed Duvessa
  5225 | D:4      | Noticed Dowan
  5230 | D:4      | Killed Duvessa
  5233 | D:4      | Killed Dowan
  5266 | D:4      | Killed from afar by an orc wizard

Skill      XL: |  1  2  3  4  5  6  7  8 |
---------------+-------------------------+-----
Hexes          | 4 5 7 8 9 |  9.2
Stealth        | 6 7 9 11 | 11.7
Short Blades   | |  1.1
Dodging        | |  3.0
Spellcasting   | |  2.6

Action                   |  1- 3 |  4- 6 |  7- 9 || total
-------------------------+-------+-------+-------++-------
Melee: Dagger            |   103 |   267 |    94 ||   464
 Cast: Ensorcelled Hiber |     8 |    32 |    13 ||    53
       Corona            |     1 |       |       ||     1
       Confuse           |     1 |    15 |     5 ||    21
  Use: Scroll            |       |     6 |       ||     6
 Stab: Sleeping          |    12 |    21 |    12 ||    45
       Confused          |     1 |     9 |     2 ||    12
       Distracted        |       |       |     2 ||     2
  Eat: Bread ration      |       |     1 |       ||     1
Armor: Robe              |    11 |    42 |     4 ||    57
Dodge: Dodged            |    71 |   292 |    48 ||   411
